 Dungeon Crawl Stone Soup version 0.31-a0-1447-g87ca8d402b (webtiles) character file.

Game seed: 14112482380967318502

55302 LearnToWalk the Brawler (level 14, -2/146 (149) HPs)
             Began as a Troll Fighter on Dec 27, 2023.
             Was a High Priest of Trog.
             Slain by a bone dragon (10 damage)
             ... on level 3 of the Abyss.
             The game lasted 00:32:43 (14666 turns).

LearnToWalk the Brawler (Troll Fighter)            Turns: 14666, Time: 00:32:43

HP:   -2/146 (149)  AC: 10    Str: 28    XL:     14   Next: 37%
MP:   11/13         EV: 10    Int:  4    God:    Trog [*****.]
Gold: 1396          SH: 10    Dex:  9    Spells: 13/13 levels left

rFire   + +          +
                       - Unarmed
rCold   x . .        b - +0 kite shield
rNeg    . . .        N - +3 troll leather armour
rPois   .            e - +2 hat of Conscience {+Inv rElec rF+++ Str-3}
rElec   +            (no cloak)
rCorr   +            (gloves unavailable)
SInv    .            (boots unavailable)
Will    +....        (no amulet)
Stlth   +            g - +4 ring of slaying
HPRegen 2.04/turn    J - ring of resist corrosion
MPRegen 0.13/turn

%: no passive effects
@: hasted and slowed, lightly drained
A: large, unfitting armour, claws 3, regeneration 1, shaggy fur 1, tough skin 1,
cold vulnerability 1
a: Renounce Religion, Evoke Invisibility, Berserk, Trog's Hand, Brothers in Arms


You were on level 3 of the Abyss.
You worshipped Trog.
Trog was extremely pleased with you.
You visited 2 branches of the dungeon, and saw 16 of its levels.
You visited the Abyss 1 time.
You also visited: Sewer, Bailey and Volcano.

You collected 1396 gold pieces.

Inventory:

Hand Weapons
 r - the +8 whip "Vioxupi" {heavy, *Rage Int+5}
   (You found it in a sewer)

   Int+5:     It affects your intelligence (+5).
   *Rage:     It berserks you when you make melee attacks (+20% chance).
 G - the +9 giant spiked club of Popular Demand {flame, rPois Will+}
   (Trog gifted it to you on level 1 of the Lair of Beasts)

   rPois:     It protects you from poison Will+: It increases your willpower.
Missiles
 u - 4 javelins
 I - 3 large rocks (quivered)
Armour
 a - a +1 robe
 b - a +0 kite shield (worn)
 e - the +2 hat of Conscience (worn) {+Inv rElec rF+++ Str-3}
   (You acquired it on level 4 of the Dungeon)

   Str-3:     It affects your strength (-3).
   rF+++:     It renders you almost immune to fire.
   rElec:     It insulates you from electricity.
   +Inv:      It lets you turn invisible.
 H - the +2 robe of Abstinence {rF+}
   (You acquired it in a bailey)

   rF+:       It protects you from fire.
 N - a +3 troll leather armour (worn)
Jewellery
 g - a +4 ring of slaying (left claw)
 x - a ring of protection from fire
 J - a ring of resist corrosion (right claw)
 L - an amulet of magic regeneration
 R - a ring of flight
Wands
 k - a wand of flame (29)
 n - a wand of paralysis (11)
 A - a wand of roots (27)
 B - a wand of polymorph (10)
Scrolls
 d - 2 scrolls of noise
 j - 2 scrolls of immolation
 m - a scroll of blinking {unknown}
 o - a scroll of vulnerability {unknown}
 s - 6 scrolls of teleportation {unknown}
 w - a scroll of amnesia {unknown}
 y - 3 scrolls of butterflies {unknown}
 D - 4 scrolls of revelation
 E - 4 scrolls of fog
 F - a scroll of brand weapon
 O - a scroll of enchant armour
 P - a scroll of poison {unknown}
 Q - a scroll of fear
 S - 2 scrolls of identify
Potions
 c - 3 potions of might
 f - 5 potions of mutation
 h - 5 potions of curing
 i - a potion of ambrosia
 l - 2 potions of attraction
 p - 2 potions of enlightenment
 q - 2 potions of invisibility
 t - a potion of cancellation
 v - a potion of haste
 z - 4 potions of brilliance
 C - 2 potions of resistance
 K - a potion of degeneration
 M - 4 potions of magic {unknown}
Miscellaneous
 T - a phial of floods


   Skills:
 + Level 12.2 Fighting
 + Level 5.9 Throwing
 - Level 4.4 Armour
 - Level 6.9 Dodging
 - Level 10.4 Shields
 + Level 15.3 Unarmed Combat


You had 13 spell levels left.
You didn't know any spells.
Your spell library was empty.

Dungeon Overview and Level Annotations

Branches:
Dungeon (11/15)            Temple (0/1) D:5            Lair (5/5) D:11
 Shoals (0/4) Lair:2       Spider (0/4) Lair:2        Slime (0/5) Lair:4
  Sewer (visited)          Bailey (visited)         Volcano (visited)
    Orc: D:9-12

Altars:
Fedhas
Trog
Uskayaw
Jiyva

Shops:
D:2 =(=(   D:6 !


Innate Abilities, Weirdness & Mutations

You are too large for most types of armour.
You have claws for hands.
Your natural rate of healing is unusually fast.
You are covered in fur. (AC +1)
You have tough skin. (AC +1)
You are vulnerable to cold. (rC-)


Message History

You block the bone dragon's attack. The bone dragon barely misses you.
You block the bone dragon's attack. The neqoxec gestures at you.
Strange energies course through your body.
You feel vulnerable to cold.
The ynoxinul gestures.
The neqoxec gestures at you. Something gnaws on your mind!
You feel your power leaking away.
The bone dragon attacks as it pursues you!
You block the bone dragon's attack. x2; The bone dragon tramples you!
You hold your ground!
The lich casts a spell at you. The bolt of cold hits you!!!
You feel a terrible chill!
* * * LOW HITPOINT WARNING * * *
Unknown command.
Unknown command.
The ufetubus disappears in a puff of smoke!
The bone dragon bites you!!
* * * LOW HITPOINT WARNING * * *
You block the bone dragon's attack. The bone dragon tramples you.
* * * LOW HITPOINT WARNING * * *
You hold your ground!
Unknown command.
The bone dragon attacks as it pursues you!
You block the bone dragon's attack. The bone dragon closely misses you.
The bone dragon tramples you!
* * * LOW HITPOINT WARNING * * *
You hold your ground!
The lich conjures an orb of pure magic.
An orb of destruction comes into view.
Okay, then.
Unknown command.
Unknown command.
Unknown command.
The bone dragon attacks as it pursues you!
The bone dragon bites you.
* * * LOW HITPOINT WARNING * * *
You block the bone dragon's attack. The bone dragon tramples you!
You die...

..# ## ### . . . ..
..# ... #.##.#.###.#
..#
.#.#.##.#.@.##.#.##
## .# #....##D.......
....#...#..#.#*###.#.
##......# #.D.○# .
..# #....35#.#L.#
.........#.#3#...# #.
#...#53z....#.# .#.#
°...##....#
#......z###.###.#


You could see a bone dragon.

Vanquished Creatures
  A very ugly thing (Abyss:3)
  An entropy weaver (shapeshifter) (Lair:5)
  4 hydras
  2 vault guards (Bailey)
  A centaur warrior (D:11)
  A boulder beetle (Lair:5)
  A lindwurm (Lair:5)
  An ugly thing (Lair:5)
  16 elephants
  Joseph (Lair:1)
  A merfolk siren (Lair:2)
  2 cyclopes
  A black mamba (shapeshifter) (Lair:5)
  3 black mambas
  A smoke demon (Lair:5)
  A gargoyle (D:11)
  7 cane toads
  2 rime drakes
  6 komodo dragons
  A troll (D:10)
  4 polar bears
  A polar bear (shapeshifter) (Lair:5)
  Prince Ribbit (Bailey)
  A raiju (Lair:5)
  30 blink frogs
  15 dream sheep
  A shadow (D:9)
  2 slime creatures (Lair:4)
  A vampire (D:11)
  A spriggan (Lair:5)
  A wyvern (D:11)
  A ynoxinul (Lair:5)
  7 humans (Bailey)
  14 fire bats
  49 yaks
  2 fire elementals (Lair:3)
  7 basilisks
  11 small abominations (Lair:5)
  2 acid dragons
  10 water moccasins
  2 ice beasts (D:6)
  A sky beast (Abyss:3)
  3 orc warriors
  3 black bears
  An ogre (D:6)
  14 wolves
  3 centaurs
  A phantom (D:6)
  5 kobold brigands
  A weeping skull (Abyss:3)
  23 bullfrogs
  A gnoll sergeant (D:8)
  3 scorpions
  6 wights (D:8)
  5 howler monkeys (D:8)
  3 jellies
  4 lava snakes
  3 hounds
  4 orc priests
  2 gnoll boudas
  4 iguanas
  A sleepcap (D:5)
  10 orc wizards
  6 hell rats (Lair:3)
  18 gnolls
  6 river rats (Sewer)
  5 adders
  A shadow imp (D:6)
  3 white imps
  2 ufetubi (D:6)
  A worm (D:3)
  A dart slug (D:1)
  42 orcs
  2 bats
  4 endoplasms
  A giant cockroach (D:3)
  12 goblins
  11 hobgoblins
  7 jackals (D:3)
  4 quokkas
  12 ball pythons
  5 frilled lizards
  23 kobolds
  24 rats
508 creatures vanquished.

Vanquished Creatures (collateral kills)
  A hydra (Lair:4)
  A centaur warrior (Volcano)
  A thrashing horror (Abyss:3)
  A hell knight (Volcano)
  A sixfirhy (Abyss:3)
  An obsidian statue (Volcano)
  A will-o-the-wisp (Abyss:3)
  2 yaktaurs (Volcano)
  An iron imp (Abyss:3)
10 creatures vanquished.

Vanquished Creatures (others)
  An acid dragon (D:11)
  4 foxfires (Abyss:3)
5 creatures vanquished.

Grand Total: 523 creatures vanquished

Notes
Turn   | Place    | Note
-------+----------+-------------------------------------------
     0 | D:1      | LearnToWalk the Troll Fighter began the quest for the Orb.
     0 | D:1      | Reached XP level 1. HP: 22/22 MP: 0/0
   170 | D:1      | Reached XP level 2. HP: 29/29 MP: 1/1
   281 | D:1      | Found a faded altar of an unknown god.
   409 | D:1      | Prayed at the altar of an unknown god.
   409 | D:1      | Became a worshipper of Trog the Wrathful
   409 | D:1      | Reached * piety under Trog
   733 | D:1      | You fall into a shaft and drop 1 floor!
   907 | D:1      | Reached skill level 3 in Unarmed Combat
  1270 | D:2      | Reached XP level 3. HP: 36/36 MP: 2/2
  1317 | D:2      | Found Yrphiata's Jewellery Shop.
  1377 | D:2      | Noticed a +0 giant club
  1378 | D:2      | Found Doebbar's Weapon Shop.
  1380 | D:2      | Noticed a +0 great mace
  1407 | D:2      | Found Zigorea's Antique Weapon Shoppe.
  1465 | D:2      | Found Umaemol's Jewellery Boutique.
  1779 | D:3      | Reached skill level 4 in Unarmed Combat
  1831 | D:3      | Reached XP level 4. HP: 44/44 MP: 3/3
  1844 | D:3      | Reached ** piety under Trog
  2110 | D:3      | Found a glowing drain.
  2118 | D:3      | Reached skill level 5 in Unarmed Combat
  2123 | Sewer    | Entered a sewer
  2162 | Sewer    | Reached XP level 5. HP: 38/50 MP: 4/4
  2365 | Sewer    | Reached skill level 6 in Unarmed Combat
  2441 | Sewer    | Reached *** piety under Trog
  2445 | Sewer    | Reached XP level 6. HP: 56/59 MP: 5/5
  2510 | Sewer    | Identified the +8 whip "Vioxupi" {heavy, *Rage Int+5}
  2567 | Sewer    | Reached skill level 7 in Unarmed Combat
  3146 | D:4      | Reached XP level 7. HP: 67/67 MP: 6/6
  3234 | D:4      | Reached **** piety under Trog
  3364 | D:4      | Found a blossoming altar of Fedhas.
  3569 | D:4      | Reached skill level 10 in Unarmed Combat
  3569 | D:4      | Reached XP level 8. HP: 87/87 MP: 7/7
  3575 | D:4      | Identified a scroll of acquirement
  3575 | D:4      | Acquired the +2 hat of Conscience {+Inv rElec rF+++ Str-3}
  3604 | D:5      | Entered Level 5 of the Dungeon
  3706 | D:5      | Found a staircase to the Ecumenical Temple.
  4695 | D:6      | Found Oryna Heshirgh's Distillery.
  4898 | D:7      | Reached XP level 9. HP: 82/91 MP: 8/8
  4954 | D:7      | Reached ***** piety under Trog
  5165 | D:7      | Noticed a rust devil
  5413 | D:7      | Noticed a rust devil
  5793 | D:8      | Found a flagged portal.
  5802 | Bailey   | Entered a bailey
  5841 | Bailey   | Reached XP level 10. HP: 69/104 MP: 9/9
  5928 | Bailey   | Noticed a vault guard
  5928 | Bailey   | Noticed Prince Ribbit
  5942 | Bailey   | Killed a vault guard
  5943 | Bailey   | Reached skill level 11 in Unarmed Combat
  5943 | Bailey   | Killed Prince Ribbit
  5967 | Bailey   | Acquired the +2 robe of Abstinence {rF+}
  5993 | Bailey   | Noticed a vault guard
  6007 | Bailey   | Killed a vault guard
  6882 | D:9      | Reached skill level 5 in Dodging
  7182 | D:9      | Reached ****** piety under Trog
  7406 | D:10     | Entered Level 10 of the Dungeon
  7455 | D:10     | Reached XP level 11. HP: 101/113 MP: 10/10
  8309 | D:11     | Found a staircase to the Lair.
  8373 | D:11     | Noticed a four-headed hydra
  8378 | D:11     | Killed a nine-headed hydra
  8413 | D:11     | Reached skill level 12 in Unarmed Combat
  8413 | D:11     | Noticed a centaur warrior
  8417 | D:11     | Noticed a green ugly thing
  8429 | D:11     | Killed a centaur warrior
  8460 | Lair:1   | Entered Level 1 of the Lair of Beasts
  8658 | Lair:1   | Reached skill level 10 in Shields
  8744 | Lair:1   | Noticed Joseph
  8757 | Lair:1   | Found a hide-covered altar of Uskayaw.
  8783 | Lair:1   | Killed Joseph
  8784 | Lair:1   | Reached XP level 12. HP: 75/123 MP: 11/11
  9182 | Lair:1   | Identified the +9 giant spiked club of Popular Demand
                  | {flame, rPois Will+} (Trog gifted it to you on level 1 of
                  | the Lair of Beasts)
  9182 | Lair:1   | Received a gift from Trog
  9577 | Lair:1   | Identified the +6 scale mail "Caudgh" {rPois Str+3 Int+6}
  9817 | Lair:2   | Reached skill level 10 in Fighting
  9859 | Lair:2   | Reached skill level 1 in Armour
  9868 | Lair:2   | Reached skill level 13 in Unarmed Combat
 10015 | Lair:2   | Found a hole to the Spider Nest.
 10390 | Lair:2   | Found a staircase to the Shoals.
 10718 | Lair:3   | Reached XP level 13. HP: 123/135 MP: 12/12
 10751 | Lair:3   | Identified the staff of the Orb {rPois Int+4 Fire Ice
                  | Alchemy}
 11264 | Lair:3   | Reached skill level 14 in Unarmed Combat
 11577 | Lair:4   | Reached skill level 1 in Throwing
 11853 | Lair:4   | Found a viscous altar of Jiyva.
 11857 | Lair:4   | Found a staircase to the Slime Pits.
 11870 | Lair:4   | Received a gift from Trog
 12092 | Lair:4   | Found a dark tunnel.
 12097 | Volcano  | Entered a volcano
 12260 | Volcano  | Found a bloodstained altar of Trog.
 12744 | Lair:5   | Entered Level 5 of the Lair of Beasts
 13680 | Lair:5   | Reached XP level 14. HP: 135/148 MP: 13/13
 14129 | Lair:5   | Received a gift from Trog
 14130 | Lair:5   | Reached skill level 5 in Throwing
 14204 | Lair:5   | Reached skill level 15 in Unarmed Combat
 14454 | Abyss:1  | Cast into level 1 of the Abyss (spriggan)
 14536 | Abyss:3  | Found a corrupted altar of Lugonu.
 14579 | Abyss:3  | Noticed a cyan very ugly thing
 14596 | Abyss:3  | Killed a cyan very ugly thing
 14621 | Abyss:3  | Noticed a lich
 14651 | Abyss:3  | Noticed a bone dragon
 14655 | Abyss:3  | Noticed a bone dragon
 14660 | Abyss:3  | Gained mutation: You are vulnerable to cold. (rC-) [a
                  | neqoxec]
 14666 | Abyss:3  | Slain by a bone dragon

Illustrated notes

Levels and vault maps discovered:
D:1:      eino_arrival_tree_alley, layout_basic, basic_ecumenical_altar
D:2:      layout_loops_cross, serial_shops, nicolae_shop_mannequins, shop,
          nicolae_shop_gaudy_bauble, shop
D:3:      layout_rooms, cheibrodos_sewer_entry_bend, minivault_27,
          minmay_misc_feat_nine_boxes
D:4:      layout_basic, fedhas_altar_1
D:5:      layout_rooms, minmay_temple_entry_mini_moons
D:6:      layout_basic, serial_shops, shop
D:7:      cheibrodos_iron_armory, layout_cave_pools,
          hangedman_abyss_or_decor_stabs, dreamdust_gnoll_farm
D:8:      layout_basic, enter_bailey_5
D:9:      layout_basic
D:10:     layout_loops_cross, moated_statue, minmay_misc_feat_enclosed
D:11:     minmay_the_grid_triangle_9x9_recursive_2
          [minmay_the_grid_triangle_9x9_prize_schism,
          minmay_the_grid_triangle_9x9_minimal,
          minmay_the_grid_triangle_9x9_flanged_cone,
          minmay_the_grid_triangle_9x9_intruding_spiral], layout_long_grid,
          minmay_lair_entry_grove, minmay_alternating_orb
Lair:1:   layout_cave_pods, basic_altar, uniq_joseph
Lair:2:   layout_hall_layers, mainiacjoe_shoals_entry_four_pools,
          spider_nest_entry_web_field, serial_bayou_shore_a
Lair:3:   layout_chaotic_city
Lair:4:   layout_concentric_octagons, minmay_slime_entry_pillars,
          enter_volcano_4, minivault_25, beast_lair_carwin_8,
          serial_bayou_shore_b
Lair:5:   hellmonk_lair_end_abyssal_woods, layout_concentric_octagons,
          grunt_megastairs_2
Abyss:3:  base: D:7, hangedman_decor_peaks_small, evilmike_abyss_exit_10

Skill      XL: |  1  2  3  4  5  6  7  8  9 10 11 12 13 14 |
---------------+-------------------------------------------+-----
Unarmed Combat | 3 4 5 6 7 10 11 12 13 14 15 | 15.3
Shields        | 3 7 8 9 10 | 10.4
Fighting       | 3 7 8 9 10 11 12 | 12.2
Dodging        | 3 4 5 6 |  6.9
Armour         | 3 4 |  4.4
Throwing       | 4 5 |  5.9

Action                     |  1- 3 |  4- 6 |  7- 9 | 10-12 | 13-15 || total
---------------------------+-------+-------+-------+-------+-------++-------
  Melee: Unarmed           |    80 |   154 |   258 |   569 |   413 ||  1474
  Throw: Javelin           |       |       |     1 |       |       ||     1
         Large rock        |       |       |       |       |    14 ||    14
 Invoke: Berserk           |     1 |       |     2 |     3 |     3 ||     9
         Brothers in Arms  |       |       |       |       |     6 ||     6
    Use: Scroll            |       |       |    15 |     8 |       ||    23
         Potion            |       |       |     3 |     4 |     7 ||    14
   Stab: Sleeping          |     2 |       |       |       |       ||     2
 Armour: Robe              |    38 |    81 |   173 |    96 |       ||   388
         Troll leather arm |       |       |       |   344 |   375 ||   719
  Dodge: Dodged            |    21 |    43 |   121 |   216 |   170 ||   571
  Block: Kite shield       |    28 |    55 |   118 |   322 |   234 ||   757

Table legend: (Time is in decaauts)
 A = Elapsed time spent in this place.
 B = Non-inter-level travel time spent in this place.
 C = Inter-level travel time spent in this place.
 D = Time resting spent in this place.
 E = Time spent auto-exploring this place.
 F = Levels seen in this place.
 G = Mean time per level.
                   A        B        C        D        E       F      G
               +--------+--------+--------+--------+--------+-----+--------+
         Total |  14569 |  14147 |    422 |   1657 |   8565 |  22 |  662.2 |
       Dungeon |   7205 |   6923 |    282 |    426 |   4813 |  11 |  655.0 |
          Lair |   5695 |   5555 |    140 |    955 |   3146 |   5 | 1139.0 |
         Abyss |    209 |    209 |      0 |      0 |      0 |   3 |   69.7 |
         Sewer |    780 |    780 |      0 |    107 |    425 |   1 |  780.0 |
        Bailey |    470 |    470 |      0 |    150 |    119 |   1 |  470.0 |
       Volcano |    208 |    208 |      0 |     18 |     62 |   1 |  208.0 |
               +--------+--------+--------+--------+--------+-----+--------+

Top non-repeatable levels by time:
  Lair:5: 1701 daAuts
  Lair:1: 1239 daAuts
     D:1: 1053 daAuts
  Lair:4: 949 daAuts
  Lair:3: 910 daAuts
  Lair:2: 894 daAuts
   Sewer: 780 daAuts
     D:9: 764 daAuts
    D:10: 760 daAuts
     D:6: 752 daAuts
     D:2: 675 daAuts
     D:8: 663 daAuts
     D:7: 633 daAuts
     D:4: 615 daAuts
     D:3: 523 daAuts
